 Dungeon Crawl Stone Soup version 0.19.1 (webtiles) character file.

55 azrac the Sneak (level 3, 0/18 HPs)
             Began as a Vine Stalker Assassin on May 13, 2017.
             Succumbed to an adder's poison
             ... on level 2 of the Dungeon.
             The game lasted 00:04:14 (1340 turns).

azrac the Sneak (Vine Stalker Assassin)             Turns: 1340, Time: 00:04:15

Health: 0/18       AC:  3    Str: 12 (13) XL:     3   Next: 93%
Magic:  2/4        EV: 12    Int:  8 (11) God:
Gold:   141        SH:  0    Dex: 13 (16) Spells: 0 memorised, 2 levels left

rFire  . . .     SeeInvis .     a - +2 dagger
rCold  . . .     Gourm    .     c - +0 robe
rNeg   . . .     Faith    .     (no shield)
rPois  .         Spirit   +     (no helmet)
rElec  .         Reflect  .     d - +0 cloak
rCorr  .         Harm     .     (no gloves)
MR     .....                    (no boots)
Stlth  +++.......               l - amulet of guardian spirit
                                (no ring)
                                (no ring)

@: lethally poisoned (0 -> -7)
A: fangs 2, magic shield, antimagic bite, no device heal 3, rot immunity
a: no special abilities


You were on level 2 of the Dungeon.
You were not hungry.

You visited 1 branch of the dungeon, and saw 2 of its levels.

You collected 141 gold pieces.

Inventory:

Hand Weapons
 a - a +2 dagger (weapon)
 b - a +0 blowgun
Missiles
 e - 6 poisoned needles
 f - 2 curare-tipped needles
Armour
 c - a +0 robe (worn)
 d - a +0 cloak (worn)
Jewellery
 l - an amulet of guardian spirit (around neck)
Scrolls
 i - a scroll of recharging {unknown}
 j - a scroll of noise {unknown}
 k - a scroll of enchant armour {unknown}
 m - a scroll of fear {unknown}
 p - 2 scrolls of identify {unknown}
Comestibles
 g - a bread ration
 n - a meat ration
 o - 4 chunks of flesh


   Skills:
 - Level 1.7 Fighting
 + Level 2.1 Short Blades
 - Level 1.7 Throwing
 - Level 2.0 Armour
 - Level 1.0 Dodging
 + Level 5.3 Stealth


You had 2 spell levels left.
You didn't know any spells.

Dungeon Overview and Level Annotations

Branches:
Dungeon (2/15)

Altars:


Innate Abilities, Weirdness & Mutations

You have extremely sharp teeth.
When hurt, damage is shared between your health and your magic reserves.
Your bite disrupts and absorbs the magic of your enemies.
Potions and wands cannot restore your health.
You are immune to rotting.


Message History

You hit the adder but do no damage. Your bite misses the adder.
The adder is heavily wounded.
The adder barely misses you.
Unknown command.
You miss the adder. Your bite misses the adder.
The adder is heavily wounded.
* * * LOW HITPOINT WARNING * * *
You feel sick.
The adder looks more healthy.
The adder misses you.
Unknown command.
It was a potion of degeneration.
There was something very wrong with that liquid.
You feel weakened.
You feel dopey.
You feel clumsy. The adder bites you but does no damage. The adder misses you.
You hit the adder but do no damage. Your bite misses the adder.
The adder is moderately wounded.
The adder closely misses you.
Unknown command.
You hit the adder.
The adder is heavily wounded.
You die...

#.........#...
...
#.........##..
.... #.........#
.. ###!.#
#.........###.
#$#...#
#....####.....
#.##..## #....#
#.###. #.#...##
#....# #.# #.
#.##..#####....#
#.# #.
#.#.(S@.......#
#.###†
#(####..######
#.....
#....b#.K%#..#
#.###.
#.##..#..[#..#
#.# #.
#...#..?#..#
####.###+
...##.####..#
#........ #... #
...# #........
#..# ...#
#)....... ...
.#### #########


You could see an adder.

Vanquished Creatures
  An adder (D:1)
  A gnoll (D:1)
  A leopard gecko (D:2)
  5 bats
  2 giant cockroaches (D:1)
  4 goblins (D:1)
  5 hobgoblins
  3 kobolds (D:2)
  2 frilled lizards (D:2)
  11 rats (D:1)
35 creatures vanquished.

Notes
Turn   | Place    | Note
-------+----------+-------------------------------------------
     0 | D:1      | azrac the Vine Stalker Assassin began the quest for the Orb.
     0 | D:1      | Reached XP level 1. HP: 11/11 MP: 2/2
    20 | D:1      | Reached skill level 1 in Dodging
   219 | D:1      | Reached skill level 1 in Armour
   226 | D:1      | Reached XP level 2. HP: 14/15 MP: 3/3
   562 | D:1      | Reached XP level 3. HP: 18/18 MP: 4/4
  1025 | D:1      | Reached skill level 5 in Stealth
  1340 | D:2      | Succumbed to an adder's poison

Skill      XL: |  1  2  3 |
---------------+----------+-----
Dodging        | 1 |  1.0
Armour         | 1 2 |  2.0
Short Blades   | 2 |  2.1
Stealth        | 5 |  5.3
Fighting       | |  1.7
Throwing       | |  1.7

Action                   || total
-------------------------++-------
Melee: Dagger            ||    84
       Bite              ||    22
 Fire: Blowgun           ||     2
  Use: Potion            ||     1
 Stab: Sleeping          ||    14
  Eat: Chunk             ||     1
Armor: Robe              ||    15
Dodge: Dodged            ||    42
